 Dungeon Crawl Stone Soup version 0.28-a0-268-g3f656e82c2 (webtiles) character file.

Game seed: 487783641293755334

4102 McIrco the Protected (level 10, -3/89 (90) HPs)
             Began as a Minotaur Fighter on Aug 28, 2021.
             Was an Initiate of Gozag.
             Slain by a wight (9 damage)
             ... on level 7 of the Dungeon.
             The game lasted 00:20:47 (10327 turns).

McIrco the Protected (Minotaur Fighter)            Turns: 10327, Time: 00:20:48

HP:   -3/89 (90)    AC: 18    Str: 22    XL:     10   Next: 6%
MP:   9/9           EV:  6    Int:  5    God:    Gozag
Gold: 733           SH: 11    Dex: 12    Spells: 9/9 levels left

rFire   . . .      SeeInvis .   a - +1 war axe
rCold   . . .      Faith    .   c - +1 kite shield
rNeg    . . .      Spirit   .   x - +0 plate armour
rPois   .          Reflect  .   (helmet restricted)
rElec   .          Harm     .   j - +0 cloak
rCorr   .          Rampage  .   (no gloves)
Will    .....                   E - +0 pair of boots
Stlth   ..........              (no amulet)
HPRegen 0.24/turn               (no ring)
MPRegen 0.11/turn               (no ring)

@: mighty, gold aura, lightly drained
A: horns 2, retaliatory headbutt
a: Renounce Religion, Potion Petition, Call Merchant, Bribe Branch


You were on level 7 of the Dungeon.
You worshipped Gozag.
Gozag was pleased with you.
You visited 2 branches of the dungeon, and saw 8 of its levels.
You also visited: Sewer and Ossuary.

You collected 959 gold pieces.
You paid 226 gold pieces to Gozag.

Inventory:

Hand Weapons
 a - a +1 war axe (weapon)
 D - a +0 spear
 H - a +3 dire flail of holy wrath
Armour
 b - a +0 scale mail
 c - a +1 kite shield (worn)
 j - a +0 cloak (worn)
 x - a +0 plate armour (worn)
 E - a +0 pair of boots (worn)
 G - +0 steam dragon scales
Wands
 r - a wand of iceblast (3)
 v - a wand of charming (8)
 B - a wand of flame (17)
 F - a wand of mindburst (13)
 I - a wand of paralysis (7)
Scrolls
 e - 2 scrolls of identify
 n - a scroll of blinking
 o - 2 scrolls of noise {unknown}
 q - 3 scrolls of fog
 s - 2 scrolls of fear
 y - 2 scrolls of silence
 A - a scroll of teleportation
 C - a scroll of magic mapping
Potions
 d - a potion of might
 f - 3 potions of curing
 g - a potion of cancellation {unknown}
 h - 3 potions of lignification {unknown}
 i - 4 potions of degeneration
 k - 3 potions of mutation {unknown}
 l - 7 potions of flight
 m - a potion of ambrosia {unknown}
 p - a potion of magic {unknown}
 t - 3 potions of heal wounds {unknown}
 u - a potion of haste {unknown}
 w - 5 potions of brilliance {unknown}
 z - 7 potions of attraction {unknown}


   Skills:
 + Level 8.8 Fighting
 + Level 7.9 Axes
 + Level 11.0 Armour
 + Level 0.9 Dodging
 + Level 9.2 Shields


You had 9 spell levels left.
You didn't know any spells.
Your spell library contained the following spells:

 Spells                   Type           Power      Damage    Failure   Level
 Summon Small Mammal      Summ           0%         N/A       100%        1
 Call Canine Familiar     Summ           0%         N/A       100%        3
 Inner Flame              Hex/Fire       0%         N/A       100%        3
 Summon Guardian Golem    Hex/Summ       0%         N/A       100%        3
 Tukima's Dance           Hex            0%         N/A       100%        3
 Cause Fear               Hex            0%         N/A       100%        4
 Passage of Golubria      Tloc           N/A        N/A       100%        4
 Yara's Violent Unravell  Hex/Tmut       0%         3d3       100%        5
 Discord                  Hex            0%         N/A       100%        8


Dungeon Overview and Level Annotations

Branches:
Dungeon (7/15)             Temple (1/1) D:6           Sewer (visited)
Ossuary (visited)

Altars:
Cheibriados
Dithmenos
Elyvilon
Gozag
Hepliaklqana
Kikubaaqudgha
Nemelex Xobeh
Okawaru
Qazlal
Ru
Trog
Uskayaw
Vehumet
Wu Jian
Xom
Yredelemnul
Zin

Annotations:
D:7 Joseph


Innate Abilities, Weirdness & Mutations

You have a pair of horns on your head.
You reflexively headbutt those who attack you in melee.


Message History

You hit the wight but do no damage. The hornet zombie hits you!
* * * LOW HITPOINT WARNING * * *
The wight closely misses you. You block the wight's attack.
Unknown command.
You barely miss the hornet zombie.
The hornet zombie is heavily damaged.
You closely miss the wight. You block the hornet zombie's attack.
The wight hits you but does no damage. You block the wight's attack.
You block the hornet zombie's attack.
Unknown command.
Unknown command.
Unknown command.
You slice the hornet zombie!! You headbutt the hornet zombie.
You destroy the hornet zombie!
You closely miss the wight. You block the wight's attack.
The wight hits you but does no damage.
Unknown command.
Unknown command.
Unknown command.
You closely miss the wight. Your headbutt misses the wight.
The wight is severely damaged.
The wight barely misses you. You block the wight's attack.
The wight hits you with a +3 short sword!
* * * LOW HITPOINT WARNING * * *
The wight hits you but does no damage.
Unknown command.
You slash the wight!
You destroy the wight!
The wight hits you from afar with a +0 halberd!
* * * LOW HITPOINT WARNING * * *
Unknown command.
You feel better. You block the wight's attack.
The wight hits you with a +0 halberd!
* * * LOW HITPOINT WARNING * * *
You see here 6 gold pieces.
You barely miss the wight.
The wight is heavily damaged.
The wight hits you with a +0 halberd!
You die...
Your body crumbles into a pile of gold.

....##...# .....# .
.#####...#...........#.
.(.......#...........' ..
.........##....##...# ...
.........##....##...##...
...............#.........
...............#$........
...............#z........
...............'@$$......
.##.##.####...###....#...
.##.##.####...######## ##
....(...............#
....................#
.....(..............#
....................##
###..####...####.....#
###..####...####..####


You could see a wight.

Vanquished Creatures
  A cyclops (D:6)
  Maggie (D:7)
  Prince Ribbit (D:5)
  Eustachio (D:4)
  Menkaure (D:7)
  Edmund (D:6)
  A water moccasin (D:6)
  2 hornet zombies (D:7)
  An ice beast (D:6)
  2 sky beasts
  An orc warrior (D:7)
  A necrophage (D:6)
  A black bear (D:7)
  3 ogres
  A phantom (D:5)
  2 centaurs
  2 bullfrogs (D:7)
  2 scorpions
  2 water moccasin zombies (D:5)
  A wyvern skeleton (D:5)
  A water moccasin skeleton (D:4)
  2 wights (D:7)
  A howler monkey (D:5)
  A centaur zombie (D:6)
  3 jellies (D:6)
  4 hounds
  2 orc priests (D:5)
  A gnoll shaman (D:7)
  3 iguanas
  4 orc wizards
  8 mummies (Ossuary)
  2 hound skeletons (D:4)
  Robin (D:4)
  8 adders
  8 gnolls
  An adder skeleton (D:5)
  5 worms
  4 dart slugs
  15 orcs
  4 ball pythons
  10 bats
  8 endoplasms
  7 giant cockroaches
  A gnoll zombie (Ossuary)
  17 goblins
  7 hobgoblins
  10 jackals
  4 quokkas
  5 frilled lizards
  5 hobgoblin zombies (Ossuary)
  9 kobolds
  2 orc zombies (Ossuary)
  7 rats
198 creatures vanquished.

Vanquished Creatures (collateral kills)
  An ice beast (D:6)
  An adder (D:6)
  A worm (D:5)
3 creatures vanquished.

Vanquished Creatures (others)
  An orc priest (D:5)
1 creature vanquished.

Grand Total: 202 creatures vanquished

Notes
Turn   | Place    | Note
-------+----------+-------------------------------------------
     0 | D:1      | McIrco the Minotaur Fighter began the quest for the Orb.
     0 | D:1      | Reached XP level 1. HP: 19/19 MP: 0/0
   130 | D:1      | Reached XP level 2. HP: 27/27 MP: 1/1
   314 | D:1      | Found a faded altar of an unknown god.
   430 | D:1      | Reached skill level 4 in Armour
   998 | D:2      | Reached XP level 3. HP: 33/33 MP: 2/2
  1183 | D:2      | Reached XP level 4. HP: 18/41 MP: 3/3
  1532 | D:2      | Reached skill level 5 in Armour
  2147 | D:3      | Reached XP level 5. HP: 46/47 MP: 4/4
  2158 | D:3      | Found a glowing drain.
  2162 | Sewer    | Entered a sewer
  2170 | Sewer    | Reached skill level 5 in Shields
  3204 | D:3      | Reached skill level 5 in Fighting
  3731 | D:4      | Reached XP level 6. HP: 38/56 MP: 5/5
  3859 | D:4      | Noticed Robin
  3878 | D:4      | Killed Robin
  3879 | D:4      | Reached skill level 6 in Armour
  4409 | D:5      | Entered Level 5 of the Dungeon
  4413 | D:5      | Noticed Prince Ribbit
  4417 | D:5      | Reached XP level 7. HP: 56/62 MP: 6/6
  4462 | D:5      | Found a sand-covered staircase.
  4584 | Ossuary  | Entered an ossuary
  4648 | Ossuary  | Reached skill level 7 in Armour
  4957 | D:5      | Found a sacrificial altar of Ru.
  5207 | D:5      | Noticed Eustachio
  5799 | D:5      | Noticed a +0 dagger
  5799 | D:5      | Noticed a +0 falchion
  5799 | D:5      | Noticed a +0 falchion
  5801 | D:5      | Noticed a +0 short sword
  5808 | D:5      | Reached skill level 8 in Armour
  5810 | D:5      | Reached XP level 8. HP: 17/73 MP: 7/7
  6096 | D:4      | Killed Eustachio
  6121 | D:5      | Noticed a +0 short sword
  6121 | D:5      | Noticed a +0 spear
  6122 | D:5      | Noticed a +0 dagger
  6186 | D:5      | Killed Prince Ribbit
  6187 | D:5      | Reached skill level 9 in Armour
  6323 | D:5      | Found a snail-covered altar of Cheibriados.
  6370 | D:5      | Noticed a +0 spear
  6383 | D:5      | Found a hide-covered altar of Uskayaw.
  6576 | D:6      | Noticed Edmund
  6582 | D:6      | Noticed a cyclops
  7363 | D:6      | Killed a cyclops
  7364 | D:6      | Reached skill level 10 in Armour
  7364 | D:6      | Reached XP level 9. HP: 70/81 MP: 8/8
  7387 | D:6      | Killed Edmund
  7495 | D:6      | Reached skill level 5 in Axes
  7694 | D:6      | Found a white marble altar of Elyvilon.
  7821 | D:6      | Found a sparkling altar of Nemelex Xobeh.
  7940 | D:6      | Found a staircase to the Ecumenical Temple.
  8067 | D:6      | Found a shimmering altar of Xom.
  8650 | Temple   | Entered the Ecumenical Temple
  8756 | Temple   | Became a worshipper of Gozag Ym Sagoz the Greedy
  8784 | D:7      | Noticed Menkaure
  8790 | D:7      | Killed Menkaure
  8861 | D:7      | Noticed a six-headed hydra
  9707 | D:7      | Noticed Maggie
  9718 | D:7      | Killed Maggie
  9723 | D:7      | Noticed Joseph
 10141 | D:7      | Found a stormy altar of Qazlal.
 10307 | D:7      | Reached skill level 11 in Armour
 10307 | D:7      | Reached XP level 10. HP: 85/90 MP: 9/9
 10327 | D:7      | Slain by a wight

Illustrated notes

Levels and vault maps discovered:
D:1:      evilmike_arrival_hilbert_curve, layout_basic,
          hellmonk_ecumenical_altar_blasted
D:2:      layout_loops_cross, chequers_serial_rivers_micro_c,
          minmay_indecisive_spiral
D:3:      layout_basic, gup_sewer_entry_bowl
D:4:      layout_loops_ring, serial_park_tiny_1, uniq_robin
D:5:      layout_rooms, old_standard_altar, nicolae_ru_great_annihilating_truth,
          nicolae_uskayaw_en_pointe, nicolae_ossuary_entry_ruins,
          uniq_eustachio, uniq_prince_ribbit1
D:6:      layout_layer_cave, amcnicky_altar_gilded, kennysheep_little_box,
          mainiacjoe_overflow_alcove_2, temple_doors_e, uniq_edmund
D:7:      layout_gridville, mainiacjoe_overflow_six_doors_small,
          grunt_potential, uniq_maggie, uniq_menkaure, uniq_joseph
Temple:   compressed_dpeg_circular_temple

Skill      XL: |  1  2  3  4  5  6  7  8  9 |
---------------+----------------------------+-----
Fighting       | 4 5 7 8 |  8.8
Shields        | 4 5 6 7 8 9 |  9.2
Armour         | 4 5 6 8 10 11 | 11.0
Axes           | 4 7 |  7.9
Dodging        | |  0.9

Action                   |  1- 3 |  4- 6 |  7- 9 | 10-12 || total
-------------------------+-------+-------+-------+-------++-------
Melee: War axe           |    69 |   190 |   305 |    13 ||   577
       Headbutt          |    13 |    32 |    82 |     3 ||   130
       Spear             |       |       |    15 |       ||    15
Evoke: Wand              |       |       |    10 |       ||    10
  Use: Scroll            |       |     6 |     9 |       ||    15
       Potion            |       |     1 |     1 |     2 ||     4
 Stab: Distracted        |       |       |     2 |       ||     2
Armor: Scale mail        |    15 |   119 |       |       ||   134
       Plate armour      |       |     7 |   188 |    13 ||   208
Dodge: Dodged            |    22 |    75 |    63 |     8 ||   168
Block: Kite shield       |    34 |   111 |   193 |    14 ||   352

Table legend: (Time is in decaauts)
 A = Elapsed time spent in this place.
 B = Non-inter-level travel time spent in this place.
 C = Inter-level travel time spent in this place.
 D = Time resting spent in this place.
 E = Time spent auto-exploring this place.
 F = Levels seen in this place.
 G = Mean time per level.
                   A        B        C        D        E       F      G
               +--------+--------+--------+--------+--------+-----+--------+
         Total |  10790 |  10408 |    382 |   2831 |   5377 |  10 | 1079.0 |
       Dungeon |   9352 |   8978 |    374 |   2730 |   4521 |   7 | 1336.0 |
        Temple |    113 |    106 |      7 |      0 |     66 |   1 |  113.0 |
         Sewer |    949 |    949 |      0 |      0 |    629 |   1 |  949.0 |
       Ossuary |    374 |    374 |      0 |    101 |    160 |   1 |  374.0 |
               +--------+--------+--------+--------+--------+-----+--------+

Top non-repeatable levels by time:
     D:5: 1945 daAuts
     D:6: 1917 daAuts
     D:4: 1553 daAuts
     D:7: 1156 daAuts
     D:2: 1060 daAuts
     D:1: 971 daAuts
   Sewer: 949 daAuts
     D:3: 748 daAuts
 Ossuary: 374 daAuts
  Temple: 113 daAuts
